 Dungeon Crawl Stone Soup version 0.20.1-1-g8b1a95d (webtiles) character file.

17644 Mitsuki the Geomancer (level 12, -6/53 HPs)
             Began as a Gargoyle Earth Elementalist on Sept 21, 2017.
             Was a High Priest of Vehumet.
             Mangled by a freezing wraith (8 damage)
             ... on level 11 of the Dungeon.
             The game lasted 01:32:21 (16767 turns).

Mitsuki the Geomancer (GrEE)                       Turns: 16767, Time: 01:32:23

Health: -6/53      AC: 16    Str: 13    XL:     12   Next: 50%
Magic:  0/22       EV: 14    Int: 20    God:    Vehumet [*****.]
Gold:   701        SH:  4    Dex: 10    Spells: 9/24 levels left

rFire    . . .     SeeInvis .   P - staff of earth
rCold    . . .     Gourm    .   (no shield)
rNeg     + . .     Faith    .   c - +0 robe
rPois    ∞         Spirit   .   p - +0 helmet
rElec    +         Reflect  +   O - +0 cloak
rCorr    .         Harm     .   A - +0 pair of gloves
MR       +....                  (no boots)
Stlth    ++........             m - +4 amulet of reflection
Regen    0.0/turn               K - ring of protection from magic
MPRegen  0.2/turn               (no ring)

@: slowed, studying Armour, very slow
A: claws 1, rugged brown scales 2, blurry vision 1, deformed body, frail 3,
negative energy resistance 1, electricity resistance, inhibited regeneration,
unbreathing, petrification resistance, rot immunity, sturdy frame 1, AC +8
a: Renounce Religion


You were on level 11 of the Dungeon.
You worshipped Vehumet.
Vehumet was extremely pleased with you.
You were hungry.

You visited 1 branch of the dungeon, and saw 12 of its levels.
You also visited: Bailey.

You collected 792 gold pieces.
You spent 91 gold pieces at shops.

Inventory:

Hand Weapons
 f - a +0 lajatang
Missiles
 b - 8 stones (quivered)
Armour
 c - a +0 robe (worn)
 p - a +0 helmet (worn)
 A - a +0 pair of gloves (worn)
 I - a +0 troll leather armour
 O - a +0 cloak (worn)
Magical Staves
 w - an uncursed staff of death
 z - an uncursed staff of conjuration
 D - an uncursed staff of fire
 P - an uncursed staff of earth (weapon)
Jewellery
 m - a +4 amulet of reflection (around neck)
 E - an uncursed amulet of magic regeneration {unknown}
 K - a ring of protection from magic (left hand)
 Q - the ring "Qinwoec" {rCorr *Drain Dex+6 Stlth+, unknown}
   (You took it off a wight on level 11 of the Dungeon)

   [ring of resist corrosion]

   It affects your dexterity (+6).
   It causes draining when unequipped.
   It makes you more stealthy.
 S - a cursed -4 ring of dexterity {unknown}
Wands
 G - a wand of acid (5/15)
Scrolls
 a - 4 scrolls of enchant armour {unknown}
 g - a scroll of enchant weapon {unknown}
 h - 8 scrolls of identify
 i - 6 scrolls of remove curse
 n - 3 scrolls of fear {unknown}
 u - 2 scrolls of random uselessness {unknown}
 v - 8 scrolls of teleportation
 y - a scroll of magic mapping
 H - 2 scrolls of immolation {unknown}
 J - a scroll of noise {unknown}
 N - 2 scrolls of amnesia {unknown}
Potions
 j - a potion of ambrosia {unknown}
 k - 3 potions of heal wounds
 o - 4 potions of agility {unknown}
 q - 4 potions of curing {unknown}
 r - 2 potions of resistance {unknown}
 s - 2 potions of lignification {unknown}
 t - 2 potions of degeneration {unknown}
 B - 3 potions of flight {unknown}
 C - 2 potions of might {unknown}
 L - a potion of brilliance {unknown}
Books
 e - a book of Geomancy

   Spells                             Type                      Level
   a - Sandblast                      Earth                        1
   b - Passwall                       Transmutation/Earth          2
   c - Stone Arrow                    Conjuration/Earth            3
   d - Petrify                        Transmutation/Earth          4
   e - Lee's Rapid Deconstruction     Earth                        5
 M - a manual of Armour
Comestibles
 d - 9 bread rations
 l - 3 meat rations
 x - 11 royal jellies
 F - 3 fruits
 R - 11 chunks of flesh
 T - 2 mutagenic chunks of flesh


   Skills:
 + Level 6.5 Fighting
 + Level 6.4 Staves
 + Level 7.8 Armour
 + Level 5.7 Dodging
 - Level 2.1 Stealth
 + Level 6.9 Spellcasting
 + Level 8.5 Conjurations
   Level 0.7 Transmutations
 + Level 5.7 Fire Magic
 + Level 10.3 Earth Magic
 + Level 5.4 Evocations


You had 9 spell levels left.
You knew the following spells:

 Your Spells              Type           Power        Failure   Level  Hunger
a - Sandblast             Erth           ######       1%          1    None
b - Stone Arrow           Conj/Erth      ######       1%          3    #......
c - Flame Tongue          Conj/Fire      #####        1%          1    None
d - Lee's Rapid Deconstr  Erth           ######....   1%          5    #####..
e - Bolt of Magma         Conj/Fire/Erth ######....   2%          5    #####..


Dungeon Overview and Level Annotations

Branches:
Dungeon (12/15)            Temple (0/1) D:7            Lair (0/6) D:11
    Orc (0/2) D:11

Altars:
Ashenzari
Elyvilon
Fedhas
Hepliaklqana
Makhleb
Nemelex Xobeh
Okawaru
Sif Muna
Uskayaw
Vehumet
Yredelemnul
Zin
The Shining One

Shops:
D:5 [?([[   D:8 *

Annotations:
D:3 Gargoyl's ghost, amateur MiAK


Innate Abilities, Weirdness & Mutations

You are resistant to torment.
Your stone body is resilient. (AC +8)
You are immune to poison.
You resist negative energy. (rN+)
You are resistant to electric shocks. (rElec)
You can survive without breathing.
You are immune to petrification.
You are immune to rotting.
You have sharp fingernails.
You are mostly covered in rugged brown scales. (AC +2, +5% HP)
Scrolls take you a little longer to read.
Armour fits poorly on your strangely shaped body.
You are extremely frail. (-30% HP)
You do not regenerate when monsters are visible.
Your movements are slightly less encumbered by armour. (ER -2)


Message History

The blast of sand hits the freezing wraith.
The freezing wraith is severely damaged.
b - 9 stones The freezing wraith hits you but does no damage.
The freezing wraith misses you.
The freezing wraith hits you but does no damage.
The freezing wraith misses you.
Casting: Sandblast
Confirm with . or Enter, or press ? or * to list all spells.
Aiming: Sandblast
Press: ? - help, Shift-Dir - straight line, f/p - freezing wraith
Aim: a freezing wraith (severely damaged)
You feel a surge of power!
The blast of sand hits the freezing wraith.
The freezing wraith is severely damaged.
b - 8 stones The freezing wraith hits you.
The freezing wraith freezes you!
* * * LOW HITPOINT WARNING * * *
The freezing wraith hits you!
You die...

................# ######
##############..# ##....#
#....#..#.#..#.. ##.....##
##..#.#.#.#...##. .#.......#
#......#.#.#...#. H...#....##
##.....##.##..#.## ...#......#
#........#.#.....# #
##..#...###.......#.#.##.###
#..##....#.@#####.).#[......
#.#...##...#W.#..(#.##.#.....#
.......)..))..#(###....#.#.#[#
..............#..........#.#..
################################
................................
#...##...#######.............
#......### #........(...<
#...#### #.............


You could see a freezing wraith.

Vanquished Creatures
  Erica (D:9)
  3 two-headed ogres
  Pikel (D:4)
  2 ugly things (D:11)
  A manticore (D:11)
  An oklob plant (D:11)
  The ghost of Gargoyl the Covered, a novice MiAK of Lugonu (D:7)
  A gargoyle (D:10)
  2 trolls
  4 slime creatures (D:9)
  A hornet (D:11)
  6 hippogriffs
  The ghost of Mitsuki the Firebug, an amateur DEFE of Vehumet (D:4)
  A yak (D:11)
  A wyvern (D:11)
  2 hungry ghosts (D:11)
  Edmund (D:5)
  16 orc warriors
  7 sky beasts
  4 phantoms
  2 ice beasts
  3 black bears
  2 eyes of draining
  A necrophage (D:6)
  11 centaurs
  4 ogres
  2 big kobolds (D:11)
  5 bullfrogs
  A wyvern skeleton (D:11)
  4 scorpions
  5 killer bees (D:9)
  10 wights
  4 lava snakes (D:8)
  2 bullfrog zombies
  6 crimson imps
  A centaur zombie (D:10)
  8 hounds
  5 jellies
  3 bullfrog skeletons
  11 orc priests
  9 orc wizards
  8 centaur skeletons
  9 worker ants
  2 iguanas
  A hound zombie (D:9)
  A hound skeleton (D:6)
  A worker ant zombie (D:6)
  7 gnolls
  A howler monkey skeleton (D:10)
  9 adders
  3 shadow imps (D:11)
  7 oozes
  An adder zombie (D:5)
  3 worms
  3 dart slugs
  3 leopard geckos
  59 orcs
  4 ball pythons
  2 giant cockroaches
  16 goblins
  5 hobgoblins
  18 jackals
  2 quokkas (D:10)
  8 bats
  4 frilled lizards
  A jackal zombie (D:5)
  5 kobolds
  A quokka skeleton (D:8)
  A quokka zombie (D:8)
  11 rats
352 creatures vanquished.

Vanquished Creatures (others)
  A phantom (D:4)
  A centaur (Bailey)
  An adder (D:4)
  A frilled lizard (D:4)
4 creatures vanquished.

Grand Total: 356 creatures vanquished

Notes
Turn   | Place    | Note
-------+----------+-------------------------------------------
     0 | D:1      | Mitsuki the Gargoyle Earth Elementalist began the quest for the Orb.
     0 | D:1      | Reached XP level 1. HP: 10/10 MP: 3/3
   125 | D:1      | Reached XP level 2. HP: 14/15 MP: 5/5
   172 | D:1      | Reached skill level 4 in Earth Magic
   712 | D:1      | Reached XP level 3. HP: 18/19 MP: 7/7
   950 | D:1      | Learned a level 3 spell: Stone Arrow
  1250 | D:2      | Reached skill level 1 in Conjurations
  1331 | D:2      | Reached XP level 4. HP: 22/24 MP: 8/8
  1821 | D:2      | Found a radiant altar of Vehumet.
  1831 | D:2      | Became a worshipper of Vehumet
  1929 | D:3      | Found a shattered altar of Ashenzari.
  2055 | D:3      | Reached XP level 5. HP: 27/28 MP: 10/10
  2176 | D:3      | Reached skill level 5 in Earth Magic
  2474 | D:3      | Noticed Gargoyl's ghost (amateur MiAK)
  2585 | D:3      | Found a sparkling altar of Nemelex Xobeh.
  2585 | D:3      | Found a transporter.
  3732 | D:3      | Found a glowing golden altar of the Shining One.
  3745 | D:3      | Found a hide-covered altar of Uskayaw.
  3796 | D:4      | Noticed a slave
  3796 | D:4      | Noticed a slave
  3796 | D:4      | Noticed a slave
  3798 | D:4      | Noticed Pikel
  3939 | D:4      | Reached XP level 6. HP: 28/32 MP: 3/11
  4140 | D:4      | Found a deep blue altar of Sif Muna.
  4231 | D:4      | Noticed a slave
  4239 | D:4      | Killed Pikel
  4239 | D:4      | Reached skill level 5 in Spellcasting
  4239 | D:4      | Reached skill level 6 in Earth Magic
  4239 | D:4      | Reached XP level 7. HP: 7/36 MP: 7/14
  4518 | D:4      | Noticed Mitsuki's ghost (amateur DEFE)
  4531 | D:4      | Killed Mitsuki's ghost
  4531 | D:4      | Reached XP level 8. HP: 42/42 MP: 10/15
  4536 | D:4      | Reached skill level 1 in Staves
  4749 | D:4      | Reached skill level 7 in Earth Magic
  4886 | D:4      | Reached skill level 1 in Fighting
  4886 | D:4      | Reached skill level 5 in Conjurations
  4886 | D:4      | Reached skill level 1 in Evocations
  4941 | D:4      | Gained mutation: You have sharp toenails. [mutagenic meat]
  4942 | D:4      | Gained mutation: Your movements are slightly less encumbered by armour. (ER -2) [mutagenic meat]
  4943 | D:4      | Gained mutation: Armour fits poorly on your strangely shaped body. [mutagenic meat]
  5149 | D:5      | Entered Level 5 of the Dungeon
  5212 | D:5      | Found a hazy altar of Hepliaklqana.
  5235 | D:5      | Reached skill level 1 in Armour
  5282 | D:5      | Found Ynekas's Magic Scroll Emporium.
  5285 | D:5      | Bought a scroll of magic mapping for 49 gold pieces
  5285 | D:5      | Bought a scroll of teleportation for 42 gold pieces
  5296 | D:5      | Found Kitonwoq's Antique Armour Boutique.
  5572 | D:5      | Found Etorawk Ikhla's Weapon Emporium.
  5619 | D:5      | Reached * piety under Vehumet
  5619 | D:5      | Offered knowledge of Flame Tongue by Vehumet.
  5622 | D:5      | Learned a level 1 spell: Flame Tongue
  5970 | D:5      | Found Pullac's Armour Shop.
  6063 | D:5      | Found Vodwumpe's Armour Emporium.
  6065 | D:5      | Noticed Edmund
  6099 | D:5      | Killed Edmund
  6099 | D:5      | Reached skill level 1 in Fire Magic
  6240 | D:5      | Reached XP level 9. HP: 48/48 MP: 14/17
  6639 | D:6      | Found a sparkling altar of Nemelex Xobeh.
  6639 | D:6      | Found a burning altar of Makhleb.
  6640 | D:6      | Found a white marble altar of Elyvilon.
  7396 | D:6      | Offered knowledge of Throw Frost by Vehumet.
  7396 | D:6      | Reached skill level 8 in Earth Magic
  7400 | D:6      | Reached ** piety under Vehumet
  7950 | D:7      | Noticed Gargoyl's ghost (novice MiAK)
  8005 | D:7      | Found an iron altar of Okawaru.
  8098 | D:7      | Killed Gargoyl's ghost
  8098 | D:7      | Reached XP level 10. HP: 37/56 MP: 9/18
  8210 | D:7      | Learned a level 5 spell: Lee's Rapid Deconstruction
  8467 | D:7      | Found a staircase to the Ecumenical Temple.
  9223 | D:8      | Noticed a two-headed ogre
  9232 | D:8      | Killed a two-headed ogre
  9411 | D:8      | Found Zin's Purification Station.
  9428 | D:8      | Offered knowledge of Ignite Poison by Vehumet.
  9622 | D:8      | Found a glowing silver altar of Zin.
  9892 | D:8      | Reached *** piety under Vehumet
 10481 | D:7      | Gained mutation: Scrolls take you a little longer to read. [mutagenic meat]
 10482 | D:7      | Gained mutation: Scrolls take you longer to read. [mutagenic meat]
 10483 | D:7      | Lost mutation: Scrolls take you longer to read. [mutagenic meat]
 10484 | D:7      | Gained mutation: You are frail. (-10% HP) [mutagenic meat]
 10485 | D:7      | Gained mutation: You are very frail. (-20% HP) [mutagenic meat]
 11248 | D:9      | Reached skill level 5 in Armour
 11248 | D:9      | Reached skill level 9 in Earth Magic
 11396 | D:9      | Noticed a two-headed ogre
 11460 | D:9      | Killed a two-headed ogre
 11508 | D:9      | Offered knowledge of Force Lance by Vehumet.
 11548 | D:9      | Reached skill level 5 in Fighting
 11548 | D:9      | Reached XP level 11. HP: 50/50 MP: 12/19
 11601 | D:9      | Reached skill level 5 in Staves
 11731 | D:9      | You fall through a shaft for 3 floors!
 11732 | D:12     | Found a blossoming altar of Fedhas.
 11856 | D:10     | Entered Level 10 of the Dungeon
 12002 | D:10     | Found a flagged portal.
 12009 | Bailey   | Entered a bailey
 13103 | Bailey   | Reached **** piety under Vehumet
 13128 | Bailey   | Offered knowledge of Bolt of Magma by Vehumet.
 13135 | Bailey   | Learned a level 5 spell: Bolt of Magma
 14087 | D:9      | Reached skill level 5 in Dodging
 14255 | D:9      | Noticed Erica
 14263 | D:9      | Killed Erica
 15478 | D:11     | Reached ***** piety under Vehumet
 15478 | D:11     | Offered knowledge of Ozocubu's Refrigeration by Vehumet.
 15574 | D:11     | Found a basalt altar of Yredelemnul.
 15590 | D:11     | Reached skill level 5 in Fire Magic
 15707 | D:11     | Found a staircase to the Orcish Mines.
 15758 | D:11     | Gained mutation: You do not regenerate when monsters are visible. [mutagenic meat]
 15760 | D:11     | Gained mutation: You have sharp fingernails. [mutagenic meat]
 15947 | D:11     | Found a staircase to the Lair.
 15947 | D:11     | Noticed an oklob plant
 15951 | D:11     | Killed an oklob plant
 16115 | D:11     | Reached skill level 10 in Earth Magic
 16115 | D:11     | Reached XP level 12. HP: 56/56 MP: 12/21
 16507 | D:11     | Reached skill level 5 in Evocations
 16536 | D:11     | Noticed a two-headed ogre
 16539 | D:11     | Killed a two-headed ogre
 16625 | D:11     | Gained mutation: You are extremely frail. (-30% HP) [mutagenic meat]
 16626 | D:11     | Gained mutation: You are partially covered in rugged brown scales. (AC +1, +3% HP) [mutagenic meat]
 16628 | D:11     | Lost mutation: You have sharp toenails. [mutagenic meat]
 16629 | D:11     | Gained mutation: You are mostly covered in rugged brown scales. (AC +2, +5% HP) [mutagenic meat]
 16707 | D:11     | Got a steaming tin ring
 16767 | D:11     | HP: 2/53 [freezing wraith (16)]
 16767 | D:11     | Mangled by a freezing wraith

Skill      XL: |  1  2  3  4  5  6  7  8  9 10 11 12 |
---------------+-------------------------------------+-----
Earth Magic    | 4 5 6 7 8 9 10 | 10.3
Conjurations   | 1 2 4 5 6 7 8 |  8.5
Spellcasting   | 3 5 6 |  6.9
Staves         | 2 3 4 6 |  6.4
Fighting       | 2 3 5 6 |  6.5
Evocations     | 2 3 4 5 |  5.4
Dodging        | 2 3 4 5 |  5.7
Armour         | 2 4 5 6 7 |  7.8
Fire Magic     | 1 2 4 5 |  5.7
Stealth        | |  2.1
Transmutations | |  0.7

Action                   |  1- 3 |  4- 6 |  7- 9 | 10-12 || total
-------------------------+-------+-------+-------+-------++-------
Melee: Mace              |    99 |    45 |       |       ||   144
       Lajatang          |       |    81 |    68 |       ||   149
       Kick              |       |       |    10 |    25 ||    35
       Staff             |       |       |    18 |   163 ||   181
 Cast: Sandblast         |     4 |    82 |   103 |   132 ||   321
       Stone Arrow       |       |       |    42 |   200 ||   242
       Lee's Rapid Decon |       |       |       |    11 ||    11
       Bolt of Magma     |       |       |       |    15 ||    15
       Flame Tongue      |       |       |       |     5 ||     5
  Use: Scroll            |     2 |       |       |     6 ||     8
       Potion            |       |       |       |     2 ||     2
 Stab: Sleeping          |     7 |     1 |     1 |     2 ||    11
  Eat: Chunk             |     1 |     4 |    12 |    55 ||    72
       Meat ration       |       |     1 |     1 |       ||     2
       Royal jelly       |       |     1 |       |     2 ||     3
Armor: Robe              |    26 |    67 |    45 |   115 ||   253
Dodge: Dodged            |    61 |   109 |    61 |   170 ||   401
Block: Other             |    10 |    40 |    15 |    40 ||   105
       Reflection        |       |       |     1 |     7 ||     8
